 Dungeon Crawl Stone Soup version 0.27.1-35-g4d5d836560 (webtiles) character file.

Game seed: 12531197774158265099

266 Delamore the Sneak (level 6, -9/41 HPs)
             Began as an Octopode Brigand on Mar 8, 2022.
             Mangled by Duvessa (12 damage)
             ... on level 4 of the Dungeon.
             The game lasted 00:03:00 (3206 turns).

Delamore the Sneak (Octopode Brigand)               Turns: 3206, Time: 00:03:00

Health: -9/41      AC:  1    Str: 10    XL:     6   Next: 20%
Magic:  6/6        EV: 13    Int: 13    God:
Gold:   22         SH:  0    Dex: 16    Spells: 5/5 levels left

rFire    . . .     SeeInvis .   d - +2 whip (elec)
rCold    . . .     Faith    .   (no shield)
rNeg     . . .     Spirit   .   (helmet restricted)
rPois    .         Reflect  .   (no amulet)
rElec    .         Harm     .   m - ring of wizardry
rCorr    .         Rampage  .   (no ring)
Will     .....                  (no ring)
Stlth    +++++.....             (no ring)
HPRegen  0.13/turn              (no ring)
MPRegen  0.10/turn              (no ring)
                                (no ring)
                                (no ring)

@: no status effects
A: almost no armour, amphibious, 8 rings, camouflage 1, gelatinous body 1,
(nimble swimmer 1), tentacles
a: no special abilities


You were on level 4 of the Dungeon.
You visited 1 branch of the dungeon, and saw 4 of its levels.

You collected 127 gold pieces.
You spent 105 gold pieces at shops.

Inventory:

Hand Weapons
 a - a +2 dagger
 d - a +2 whip of electrocution (weapon)
 g - a +4 dagger
Missiles
 b - 15 poisoned darts (quivered)
Jewellery
 m - a ring of wizardry (left tentacle)
Scrolls
 i - a scroll of enchant weapon
 k - a scroll of fear
 l - a scroll of holy word
 n - a scroll of fog
 o - 3 scrolls of enchant armour
Potions
 e - a potion of curing {unknown}
 h - a potion of berserk rage {unknown}


   Skills:
 + Level 2.9 Fighting
 + Level 3.1 Short Blades
 + Level 2.9 Throwing
 + Level 2.2 Dodging
 * Level 7.7 Stealth


You had 5 spell levels left.
You didn't know any spells.
Your spell library was empty.

Dungeon Overview and Level Annotations

Branches:
Dungeon (4/15)
 Temple: D:4-7

Altars:
Nemelex Xobeh
Trog

Shops:
D:1 ?

Annotations:
D:3 2 transporters, crompyre's ghost, amateur DsBe
D:4 Duvessa


Innate Abilities, Weirdness & Mutations

You cannot wear most types of armour.
You are amphibious.
You can wear up to eight rings at the same time.
Your skin changes colour to match your surroundings (Stealth+).
Your rubbery body absorbs attacks. (AC +1, EV +1)
((You are camouflaged near water. (Stealth+)))
You have tentacles for arms and can constrict up to eight enemies at once.


Message History

You kill Dowan!
You hear a distant scream of rage.
You have reached level 6!
Your experience leads to an increase in your attributes!
Increase (S)trength, (I)ntelligence, or (D)exterity?
You feel agile.
You start waiting.
Duvessa, Sister of Dowan comes into view.
She is wielding a +0 rapier.
You throw a poisoned dart. The poisoned dart hits Duvessa.
Duvessa is poisoned.
Duvessa goes berserk!
You throw a poisoned dart. The poisoned dart hits Duvessa.
Duvessa looks even sicker.
You throw a poisoned dart. The poisoned dart hits Duvessa.
Duvessa looks even sicker.
Duvessa is lightly wounded.
You throw a poisoned dart. The poisoned dart hits Duvessa.
Duvessa looks as sick as possible!
Duvessa is lightly wounded.
You throw a poisoned dart.
The poisoned dart closely misses Duvessa.
Duvessa rages.
Duvessa hits you with a +0 rapier.
You hit Duvessa but do no damage. You grab Duvessa.
Duvessa is lightly wounded.
You constrict Duvessa.
A jelly comes into view.
Duvessa hits you with a +0 rapier!
You hit Duvessa but do no damage. Lightning courses through Duvessa!
Duvessa is heavily wounded.
You constrict Duvessa. Duvessa closely misses you.
Duvessa hits you with a +0 rapier.
You hit Duvessa but do no damage.
Duvessa is severely wounded.
You constrict Duvessa. Duvessa closely misses you.
Duvessa hits you with a +0 rapier!!
* * * LOW HITPOINT WARNING * * *
You hit Duvessa.
Duvessa is almost dead.
You constrict Duvessa. Duvessa hits you with a +0 rapier!
You die...

##......###.##########
#..........))).....<#
#.........#.#########
#.....<...#..#
#......#.###.##
#..(...#.###..#
........#......#
...............##
#.............@.#
######........e.#
#......[#..#
####....#.(.
#......(J(.
###...##..## #### .(#
.(#


You could see Duvessa (berserk, very poisoned) and a jelly.

Vanquished Creatures
  A phantom (D:3)
  Dowan (D:4)
  3 gnolls (D:4)
  5 adders
  2 worms
  2 dart slugs (D:1)
  5 ball pythons
  8 bats
  5 endoplasms
  4 goblins (D:1)
  6 hobgoblins
  13 kobolds
  5 quokkas
  2 frilled lizards
  2 rats
64 creatures vanquished.

Notes
Turn   | Place    | Note
-------+----------+-------------------------------------------
     0 | D:1      | Delamore the Octopode Brigand began the quest for the Orb.
     0 | D:1      | Reached XP level 1. HP: 14/14 MP: 1/1
    53 | D:1      | Reached XP level 2. HP: 19/19 MP: 2/2
   106 | D:1      | Reached skill level 6 in Stealth
   217 | D:1      | Found a faded altar of an unknown god.
   353 | D:1      | Found Kivamem's Magic Scroll Boutique.
   361 | D:1      | Reached XP level 3. HP: 24/24 MP: 3/3
  1301 | D:2      | Reached XP level 4. HP: 26/29 MP: 4/4
  1412 | D:1      | Bought a scroll of fear for 49 gold pieces
  1613 | D:3      | Found a transporter.
  1620 | D:3      | Noticed crompyre's ghost (amateur DsBe)
  1636 | D:3      | Found a transporter.
  1682 | D:3      | Found a sparkling altar of Nemelex Xobeh.
  1816 | D:3      | Found a bloodstained altar of Trog.
  1902 | D:3      | Noticed a phantom
  1908 | D:3      | Killed a phantom
  1909 | D:3      | Reached skill level 7 in Stealth
  1909 | D:3      | Reached XP level 5. HP: 28/35 MP: 5/5
  2493 | D:1      | Bought a scroll of identify for 28 gold pieces
  2493 | D:1      | Bought a scroll of fog for 28 gold pieces
  2653 | D:3      | HP: 1/35 [poisoned by an adder]
  3194 | D:4      | Noticed Dowan
  3196 | D:4      | Killed Dowan
  3197 | D:4      | Reached XP level 6. HP: 41/41 MP: 6/6
  3197 | D:4      | Noticed Duvessa
  3206 | D:4      | Mangled by Duvessa

Illustrated notes

Levels and vault maps discovered:
D:1:      saegor_arrival_simple_d, layout_basic, serial_shops, shop_fountains,
          hellmonk_ecumenical_altar_slurped_away, minmay_pentomino_r2
D:2:      layout_rooms
D:3:      layout_basic, lemuel_crystal_altar, mainiacjoe_overflow_alcove_1,
          gammafunk_ghost_stat_death
D:4:      minmay_skewed_foursquare, layout_basic, mainiacjoe_overflow_paths,
          nicolae_wu_jian_immortal_techniques, gammafunk_temple_overflow_statue,
          minmay_cut_off, uniq_duvessa, uniq_menkaure, uniq_eustachio

Skill      XL: |  1  2  3  4  5 |
---------------+----------------+-----
Stealth        | 6 7 |  7.7
Short Blades   | 3 |  3.1
Dodging        | 2 |  2.2
Fighting       | |  2.9
Throwing       | |  2.9

Action                   |  1- 3 |  4- 6 || total
-------------------------+-------+-------++-------
Melee: Dagger            |    14 |       ||    14
       Whip              |    50 |    59 ||   109
       Tentacles         |    10 |     5 ||    15
       Constrict         |    10 |    11 ||    21
Throw: Dart              |       |     9 ||     9
  Use: Scroll            |       |     4 ||     4
       Potion            |       |     2 ||     2
 Stab: Sleeping          |    15 |     1 ||    16
Armor: Skin              |    10 |     7 ||    17
Dodge: Dodged            |    27 |    40 ||    67
